 Dungeon Crawl Stone Soup version 0.24.0-13-gcf9b319 (webtiles) character file.

Game seed: 18216094739447590094, levelgen mode: deterministic

322 Fortress the Chucker (level 6, -9/61 HPs)
             Began as an Ogre Arcane Marksman on Jan 13, 2020.
             Was a Follower of Qazlal.
             Killed from afar by Ijyb (16 damage)
             ... with a bolt of acid
             ... on level 3 of the Dungeon.
             The game lasted 00:12:42 (2426 turns).

Fortress the Chucker (Ogre Arcane Marksman)         Turns: 2426, Time: 00:12:44

Health: -9/61      AC: -1    Str: 18    XL:     6   Next: 47%
Magic:  8/8        EV: 10    Int: 17    God:    Qazlal [*.....]
Gold:   232        SH:  2    Dex:  9    Spells: 7/8 levels left

rFire    + . .     SeeInvis .   h - +0 whip (drain)
rCold    . . .     Gourm    .   (no shield)
rNeg     . . .     Faith    .   a - +0 robe
rPois    .         Spirit   .   (helmet restricted)
rElec    .         Reflect  .   (no cloak)
rCorr    .         Harm     .   (gloves unavailable)
MR       .....                  (boots unavailable)
Stlth    +.........             (no amulet)
HPRegen  0.20/turn              n - ring of protection from fire
MPRegen  0.11/turn              (no ring)

@: corroded
A: large, unfitting armour, blink, clever 1, strong 1, tough skin 1
a: Blink, Renounce Religion


You were on level 3 of the Dungeon.
You worshipped Qazlal.
Qazlal was aware of your devotion.
You were not hungry.

You visited 1 branch of the dungeon, and saw 3 of its levels.

You collected 232 gold pieces.

Inventory:

Hand Weapons
 h - a +0 whip of draining (weapon)
 p - a +2 war axe of chopping
Missiles
 c - a large rock (quivered)
 o - 2 curare-tipped darts
Armour
 a - a +0 robe (worn)
Jewellery
 n - a ring of protection from fire (left hand)
Scrolls
 b - a scroll of enchant weapon {unknown}
 e - 5 scrolls of identify
 g - 3 scrolls of remove curse {unknown}
 j - a scroll of magic mapping {unknown}
 k - a scroll of fear {unknown}
 l - a scroll of enchant armour {unknown}
 m - 4 scrolls of teleportation {unknown}
Potions
 d - a potion of lignification
 i - 2 potions of heal wounds
Comestibles
 f - 5 rations
 q - a chunk of flesh


   Skills:
 + Level 3.5 Fighting
 - Level 2.4 Maces & Flails
 + Level 4.0 Throwing
 - Level 2.0 Dodging
 + Level 1.5 Spellcasting
 + Level 3.8 Hexes


You had 7 spell levels left.
You knew the following spells:

 Your Spells              Type           Power        Failure   Level  Hunger
a - Corona                Hex            ##.....      4%          1    ##.....

Your spell library contained the following spells:

 Spells                   Type           Power        Failure   Level  Hunger
 Slow                     Hex            ##......     6%          2    ###....
 Inner Flame              Hex/Fire       #.......     28%         3    ####...
 Portal Projectile        Hex/Tloc       #.....       28%         3    ####...
 Cause Fear               Hex            ##........   38%         4    #####..
 Leda's Liquefaction      Hex/Erth       #.........   67%         4    #####..


Dungeon Overview and Level Annotations

Branches:
Dungeon (3/15)

Altars:
Cheibriados
Kikubaaqudgha
Qazlal
Sif Muna

Annotations:
D:3 Ijyb


Innate Abilities, Weirdness & Mutations

You are too large for most types of armour.
You have tough skin. (AC +1)
You can translocate small distances at will.
Your mind is acute. (Int +2)
Your muscles are strong. (Str +2)


Message History

You butcher the quokka corpse.
q - 2 chunks of flesh You see here a quokka skeleton. x2
Eating one of 2 chunks of flesh.
You eat one of the 2 chunks of flesh.
This raw flesh tastes terrible.
Ijyb the Twisted Goblin comes into view.
She is carrying a wand of acid (9).
Ijyb shouts!
Ijyb zaps a wand.
The bolt of acid hits you! The acid corrodes you!
You are splashed with acid!
Throwing (i - inventory. (/) - cycle)
c - 2 large rocks (quivered)
Press: ? - help, Shift-Dir - straight line, f - Ijyb
Aim: Ijyb, wearing a +0 leather armour and carrying a wand of acid (8)
You throw a large rock. The large rock hits Ijyb!
Ijyb is moderately wounded.
Ijyb zaps a wand.
The bolt of acid hits you!!
* * * LOW HITPOINT WARNING * * *
You are splashed with acid!
* * * LOW HITPOINT WARNING * * *
Ijyb zaps a wand.
The bolt of acid hits you!
You die...

. ..#####..... ...#
#..<.. ...# .......###
...# ######## .#####
g!.# ......# ...#
.#..#..## ...#
#...###..####...##.#
##..##.##†...@.......
##....#.#...÷○###.####
#..#.##.##.#..## ..
..####...####..##.##
.##".......%##.....##
..####...####.......#
#..#.##.##.#..........
#.....#.'....#......#.
#.##.##.##)###.#...##


You could see Ijyb.

Vanquished Creatures
  Sigmund (D:2)
  4 adders
  3 gnolls (D:3)
  3 oozes
  2 worms
  4 dart slugs
  2 leopard geckos
  7 orcs (D:3)
  6 bats
  2 bat zombies (D:3)
  2 giant cockroaches
  7 goblins
  5 hobgoblins
  A jackal (D:1)
  7 kobolds
  2 quokkas (D:3)
  2 ball pythons
  5 rats
  3 rat zombies (D:3)
68 creatures vanquished.

Notes
Turn   | Place    | Note
-------+----------+-------------------------------------------
     0 | D:1      | Fortress the Ogre Arcane Marksman began the quest for the
                  | Orb.
     0 | D:1      | Reached XP level 1. HP: 19/19 MP: 2/2
   135 | D:1      | Reached XP level 2. HP: 14/27 MP: 3/3
   555 | D:1      | Reached XP level 3. HP: 26/33 MP: 4/4
  1040 | D:2      | Gained mutation: You expend magic power (3 MP) to
                  | strengthen your wands. [potion of mutation]
  1040 | D:2      | Gained mutation: Your body sometimes deteriorates upon
                  | taking damage. [potion of mutation]
  1040 | D:2      | Gained mutation: You are resistant to hostile enchantments.
                  | (MR+) [potion of mutation]
  1040 | D:2      | Gained mutation: Your mind is acute. (Int +2) [potion of
                  | mutation]
  1243 | D:2      | Lost mutation: Your body sometimes deteriorates upon taking
                  | damage. [potion of mutation]
  1243 | D:2      | Lost mutation: You expend magic power (3 MP) to strengthen
                  | your wands. [potion of mutation]
  1243 | D:2      | Lost mutation: You are resistant to hostile enchantments.
                  | (MR+) [potion of mutation]
  1243 | D:2      | Gained mutation: You can translocate small distances at
                  | will. [potion of mutation]
  1243 | D:2      | Gained mutation: Your muscles are strong. (Str +2) [potion
                  | of mutation]
  1303 | D:2      | Reached XP level 4. HP: 42/42 MP: 5/5
  1313 | D:2      | Found a stormy altar of Qazlal.
  1313 | D:2      | Found a shimmering blue altar of Sif Muna.
  1314 | D:2      | Found a snail-covered altar of Cheibriados.
  1320 | D:2      | Became a worshipper of Qazlal Stormbringer
  1461 | D:2      | Noticed Sigmund
  1490 | D:2      | Killed Sigmund
  1490 | D:2      | Reached skill level 3 in Throwing
  1490 | D:2      | Reached XP level 5. HP: 41/52 MP: 3/7
  1563 | D:2      | Reached XP level 6. HP: 59/59 MP: 8/8
  2031 | D:3      | Reached * piety under Qazlal
  2042 | D:3      | Found an ancient bone altar of Kikubaaqudgha.
  2131 | D:3      | Reached skill level 4 in Throwing
  2425 | D:3      | Noticed Ijyb
  2426 | D:3      | Killed from afar by Ijyb

Levels and vault maps discovered:
D:1:      giann_forest_graveyard, layout_loops_ring, st_stairs_5,
          minmay_domino_4
D:2:      layout_basic, gammafunk_temple_overflow_claw, nrook_mini_vaults,
          uniq_sigmund
D:3:      layout_loops_ring, lemuel_zombie_altar_kikubaaqudgha, first_ration,
          minmay_fractal_squares_gapless_5, uniq_ijyb, uniq_grinder, uniq_robin,
          uniq_terence

Skill      XL: |  1  2  3  4  5  6 |
---------------+-------------------+-----
Hexes          | 3 |  3.8
Dodging        | 2 |  2.0
Fighting       | 2 3 |  3.5
Maces & Flails | 2 |  2.4
Throwing       | 3 4 |  4.0
Spellcasting   | |  1.5

Action                   |  1- 3 |  4- 6 || total
-------------------------+-------+-------++-------
Melee: Unarmed           |    15 |       ||    15
       Whip              |    60 |   136 ||   196
Throw: Large rock        |    19 |    12 ||    31
       Throwing net      |     4 |       ||     4
       Dart              |     1 |     7 ||     8
 Cast: Corona            |       |     3 ||     3
  Use: Potion            |     3 |     1 ||     4
       Scroll            |     3 |       ||     3
  Eat: Chunk             |       |     5 ||     5
Armor: Robe              |    49 |    35 ||    84
Dodge: Dodged            |    73 |    80 ||   153
Block: Other             |       |     5 ||     5
